PIO (24 & UNDER)
JASPER COUGARS @ SEATTLE RAINIERS
07/07/2024
 
TOP OF THE 1ST
Jasper Cougars batting - Pitching for Seattle Rainiers : RHP Esteban Corona
Pitching: RHP Esteban Corona
Batting: SHB Martín Cruz 0-0: Fly out, F6 (Popup, 6MD)
Batting: RHB José Ortega 0-0: Called Strike
0-1: Foul Ball, location: 2F
0-2: Strikes out swinging
Batting: RHB Manuel Pérez 0-0: SINGLE (Line Drive, 56)
Batting: SHB Ron Edwards 0-0: Ball
1-0: Called Strike
1-1: Ball
2-1: Ball
3-1: DOUBLE (Flyball, 78XD)
Manuel Pérez to third
Batting: RHB Juan Carlos 0-0: Called Strike
0-1: Foul Ball, location: 2F
0-2: Ball
1-2: Strikes out swinging
Top of the 1st over - 0 run(s), 2 hit(s), 0 error(s), 2 left on base; Jasper 0 - Seattle 0
BOTTOM OF THE 1ST
Seattle Rainiers batting - Pitching for Jasper Cougars : RHP António Peña
Pitching: RHP António Peña
Batting: RHB Jorge Colón 0-0: Ball
1-0: Ball
2-0: Bunt missed!
2-1: Fly out, F8 (Flyball, 8RM)
Batting: LHB Tony Rivera 0-0: Foul Ball, location: 2F
0-1: Ball
1-1: Ball
2-1: Ball
3-1: Foul Ball, location: 2F
3-2: Fly out, F8 (Flyball, 8LS)
Batting: SHB Glenn Vadnais 0-0: Ball
1-0: Called Strike
1-1: Fly out, F7 (Flyball, 7D)
Bottom of the 1st over - 0 run(s), 0 hit(s), 0 error(s), 0 left on base; Jasper 0 - Seattle 0
TOP OF THE 2ND
Jasper Cougars batting - Pitching for Seattle Rainiers : RHP Esteban Corona
Batting: LHB Jon Scott 0-0: Foul Ball, location: 2F
0-1: Called Strike
0-2: Ball
1-2: Strikes out swinging
Batting: RHB Mason Thompson 0-0: Called Strike
0-1: Ball
1-1: Swinging Strike
1-2: Ball
2-2: Strikes out looking
Batting: LHB Pepe Vázquez 0-0: Called Strike
0-1: Ball
1-1: Fly out, F9 (Flyball, 9S)
Top of the 2nd over - 0 run(s), 0 hit(s), 0 error(s), 0 left on base; Jasper 0 - Seattle 0
BOTTOM OF THE 2ND
Seattle Rainiers batting - Pitching for Jasper Cougars : RHP António Peña
Batting: LHB Brian Boone 0-0: Ball
1-0: Swinging Strike
1-1: Ground out U3 (Groundball, 3)
Batting: RHB Jorge Montoya 0-0: Called Strike
0-1: Ball
1-1: Foul Ball, location: 2F
1-2: Ball
2-2: Strikes out swinging
Batting: RHB Bill Dawson 0-0: Ball
1-0: Ball
2-0: Fly out, F8 (Flyball, 8LM)
Bottom of the 2nd over - 0 run(s), 0 hit(s), 0 error(s), 0 left on base; Jasper 0 - Seattle 0
TOP OF THE 3RD
Jasper Cougars batting - Pitching for Seattle Rainiers : RHP Esteban Corona
Batting: RHB David Hernández 0-0: Ball
1-0: Foul Ball, location: 2F
1-1: Called Strike
1-2: Foul Ball, location: 2F
1-2: Ball
2-2: Ground out 6-3 (Groundball, 6)
Batting: SHB Martín Cruz 0-0: Ball
1-0: SINGLE (Groundball, 34D)
Batting: RHB José Ortega 0-0: Ball
1-0: Called Strike
1-1: Ball
2-1: Ball
3-1: Base on Balls
Martín Cruz to second
Batting: RHB Manuel Pérez 0-0: Ball
1-0: Ball
2-0: Called Strike
2-1: Ball
3-1: Grounds into double play, 6-4-3 (Groundball, 6)
Top of the 3rd over - 0 run(s), 1 hit(s), 0 error(s), 1 left on base; Jasper 0 - Seattle 0
BOTTOM OF THE 3RD
Seattle Rainiers batting - Pitching for Jasper Cougars : RHP António Peña
Batting: RHB Jacob Hill 0-0: Called Strike
0-1: Ball
1-1: Called Strike
1-2: Foul Ball, location: 2F
1-2: Ball
2-2: Strikes out swinging
Batting: SHB Nick Cox 0-0: Ball
1-0: Ball
2-0: Ball
3-0: Called Strike
3-1: Ground out 1-3 (Groundball, 23)
Batting: RHB Doug Williams 0-0: Ball
1-0: Ball
2-0: Ball
3-0: Called Strike
3-1: Swinging Strike
3-2: Strikes out swinging
Bottom of the 3rd over - 0 run(s), 0 hit(s), 0 error(s), 0 left on base; Jasper 0 - Seattle 0
TOP OF THE 4TH
Jasper Cougars batting - Pitching for Seattle Rainiers : RHP Esteban Corona
Batting: SHB Ron Edwards 0-0: Ball
1-0: Ball
2-0: Ball
3-0: Called Strike
3-1: Fly out, F8 (Flyball, 89D)
Batting: RHB Juan Carlos 0-0: Foul Ball, location: 2F
0-1: Swinging Strike
0-2: Ground out 1-3 (Groundball, 15)
Batting: LHB Jon Scott 0-0: Called Strike
0-1: Ball
1-1: Called Strike
1-2: Strikes out swinging
Top of the 4th over - 0 run(s), 0 hit(s), 0 error(s), 0 left on base; Jasper 0 - Seattle 0
BOTTOM OF THE 4TH
Seattle Rainiers batting - Pitching for Jasper Cougars : RHP António Peña
Batting: RHB Jorge Colón 0-0: Ball
1-0: Bunt for hit - play at first, batter safe!
Batting: LHB Tony Rivera 0-0: Ball
1-0: Foul Ball, location: 2F
1-1: Ball
2-1: Fielders Choice at 2nd, 4-6 (Groundball, 4)
Batting: SHB Glenn Vadnais 0-0: Ball
1-0: Swinging Strike
1-1: 2-RUN HOME RUN (Flyball, 9D), Distance : 364 ft
Batting: LHB Brian Boone 0-0: Called Strike
0-1: Ball
1-1: Ball
2-1: Ground out 6-3 (Groundball, 6)
Batting: RHB Jorge Montoya 0-0: Ground out 4-3 (Groundball, 13)
Bottom of the 4th over - 2 run(s), 2 hit(s), 0 error(s), 0 left on base; Jasper 0 - Seattle 2
TOP OF THE 5TH
Jasper Cougars batting - Pitching for Seattle Rainiers : RHP Esteban Corona
Batting: RHB Mason Thompson 0-0: Swinging Strike
0-1: Called Strike
0-2: Foul Ball, location: 2F
0-2: Foul Ball, location: 2F
0-2: Strikes out swinging
Batting: LHB Pepe Vázquez 0-0: Ball
1-0: Foul Ball, location: 2F
1-1: Foul Ball, location: 2F
1-2: Ground out 4-3 (Groundball, 4)
Batting: RHB David Hernández 0-0: Called Strike
0-1: Foul Ball, location: 2F
0-2: Ball
1-2: Ball
2-2: Fly out, F5 (Line Drive, 5S)
Top of the 5th over - 0 run(s), 0 hit(s), 0 error(s), 0 left on base; Jasper 0 - Seattle 2
BOTTOM OF THE 5TH
Seattle Rainiers batting - Pitching for Jasper Cougars : RHP António Peña
Batting: RHB Bill Dawson 0-0: Called Strike
0-1: Ground out 4-3 (Groundball, 4)
Batting: RHB Jacob Hill 0-0: Called Strike
0-1: Ball
1-1: Ball
2-1: Ball
3-1: Swinging Strike
3-2: Foul Ball, location: 2F
3-2: Base on Balls
Batting: SHB Nick Cox 0-0: Called Strike
0-1: Ball
1-1: Swinging Strike
1-2: Strikes out swinging
Batting: RHB Doug Williams 0-0: Fly out, F8 (Flyball, 8LM)
Bottom of the 5th over - 0 run(s), 0 hit(s), 0 error(s), 1 left on base; Jasper 0 - Seattle 2
TOP OF THE 6TH
Jasper Cougars batting - Pitching for Seattle Rainiers : RHP Esteban Corona
Batting: SHB Martín Cruz 0-0: Ball
1-0: Ball
2-0: Foul Ball, location: 2F
2-1: Swinging Strike
2-2: Foul Ball, location: 2F
2-2: Foul Ball, location: 2F
2-2: Strikes out swinging
Batting: RHB José Ortega 0-0: Foul Ball, location: 2F
0-1: Swinging Strike
0-2: Ball
1-2: Ball
2-2: Strikes out swinging
Batting: RHB Manuel Pérez 0-0: Swinging Strike
0-1: Called Strike
0-2: Ball
1-2: Ball
2-2: SINGLE (Groundball, 56D)
Pitching: RHP Dani Vásquez
Batting: SHB Ron Edwards 0-0: Ball
1-0: Ball
2-0: Called Strike
2-1: Swinging Strike
2-2: Ball
3-2: Base on Balls
Manuel Pérez to second
Batting: RHB Juan Carlos 0-0: Ball
1-0: Swinging Strike
1-1: Swinging Strike
1-2: Foul Ball, location: 2F
1-2: Strikes out swinging
Top of the 6th over - 0 run(s), 1 hit(s), 0 error(s), 2 left on base; Jasper 0 - Seattle 2
BOTTOM OF THE 6TH
Seattle Rainiers batting - Pitching for Jasper Cougars : RHP António Peña
Batting: RHB Jorge Colón 0-0: Called Strike
0-1: Foul Ball, location: 2F
0-2: Strikes out looking
Batting: LHB Tony Rivera 0-0: Ball
1-0: Ball
2-0: Ball
3-0: Base on Balls
Batting: SHB Glenn Vadnais 0-0: Ball
1-0: Called Strike
1-1: Ball
2-1: Foul Ball, location: 2F
2-2: Ball
3-2: Foul Ball, location: 2F
3-2: Base on Balls
Tony Rivera to second
Batting: LHB Brian Boone 0-0: Foul Ball, location: 2F
0-1: Ball
1-1: Ball
2-1: Foul Ball, location: 2F
2-2: Ball
Passed Ball!
Tony Rivera to third
Glenn Vadnais to second
3-2: Intentional Walk
Pitching: RHP Andrés Ruíz
Batting: RHB Jorge Montoya 0-0: Grounds into double play, 2-4-3 (Groundball, 2L)
Bottom of the 6th over - 0 run(s), 0 hit(s), 0 error(s), 2 left on base; Jasper 0 - Seattle 2
TOP OF THE 7TH
Jasper Cougars batting - Pitching for Seattle Rainiers : RHP Dani Vásquez
Batting: LHB Jon Scott 0-0: Ball
1-0: Foul Ball, location: 2F
1-1: Ball
2-1: Ball
3-1: Called Strike
3-2: DOUBLE (Line Drive, 89M)
Batting: RHB Mason Thompson 0-0: Foul Ball, location: 2F
0-1: Called Strike
0-2: Ball
1-2: Strikes out looking
Batting: LHB Pepe Vázquez 0-0: Called Strike
Jon Scott is caught stealing 3rd base
0-1: Ball
1-1: Ball
2-1: Swinging Strike
2-2: Ball
3-2: Base on Balls
Batting: RHB David Hernández 0-0: Ball
1-0: Ball
Pepe Vázquez steals 2nd base
2-0: Called Strike
2-1: Foul Ball, location: 2F
2-2: Foul Ball, location: 2F
2-2: Foul Ball, location: 2F
2-2: 2-RUN HOME RUN (Flyball, 7D), Distance : 403 ft
Batting: SHB Martín Cruz 0-0: Foul Ball, location: 2F
0-1: Foul Ball, location: 2F
0-2: Strikes out swinging
Top of the 7th over - 2 run(s), 2 hit(s), 0 error(s), 0 left on base; Jasper 2 - Seattle 2
BOTTOM OF THE 7TH
Seattle Rainiers batting - Pitching for Jasper Cougars : RHP Andrés Ruíz
Batting: RHB Bill Dawson 0-0: Foul Ball, location: 2F
0-1: Ball
1-1: Ground out U3 (Groundball, 3L)
Pinch Hitting: LHB Alan Moore 0-0: Ground out 4-3 (Groundball, 4)
Batting: SHB Nick Cox 0-0: Called Strike
0-1: Foul Ball, location: 2F
0-2: Strikes out swinging
Bottom of the 7th over - 0 run(s), 0 hit(s), 0 error(s), 0 left on base; Jasper 2 - Seattle 2
TOP OF THE 8TH
Jasper Cougars batting - Pitching for Seattle Rainiers : RHP Dani Vásquez
Now at 1B: Alan Moore
Batting: RHB José Ortega 0-0: Called Strike
0-1: Ball
1-1: Foul Ball, location: 2F
1-2: Ball
2-2: Strikes out swinging
Batting: RHB Manuel Pérez 0-0: Ball
1-0: Ball
2-0: Ball
3-0: Called Strike
3-1: Foul Ball, location: 2F
3-2: Strikes out swinging
Batting: SHB Ron Edwards 0-0: Ground out 4-3 (Groundball, 34)
Top of the 8th over - 0 run(s), 0 hit(s), 0 error(s), 0 left on base; Jasper 2 - Seattle 2
BOTTOM OF THE 8TH
Seattle Rainiers batting - Pitching for Jasper Cougars : RHP Andrés Ruíz
Pinch Hitting: SHB Vicente Pagán 0-0: Ball
1-0: Ball
2-0: Ball
3-0: Called Strike
3-1: Swinging Strike
3-2: Ground out 1-3 (Groundball, 13S)
Pitching: RHP Bennett Greer
Batting: RHB Jorge Colón 0-0: Fly out, F4 (Line Drive, 4)
Batting: LHB Tony Rivera 0-0: Swinging Strike
0-1: Foul Ball, location: 2F
0-2: Ball
1-2: Ball
2-2: Foul Ball, location: 2F
2-2: Reached on error, E5 (Groundball, 5S)
Batting: SHB Glenn Vadnais 0-0: Ball
1-0: Ball
2-0: Ball
3-0: Called Strike
3-1: Base on Balls
Batting: LHB Brian Boone 0-0: Called Strike
0-1: Ball
1-1: Fly out, F9 (Flyball, 9LDF)
Bottom of the 8th over - 0 run(s), 0 hit(s), 1 error(s), 2 left on base; Jasper 2 - Seattle 2
TOP OF THE 9TH
Jasper Cougars batting - Pitching for Seattle Rainiers : RHP Dani Vásquez
Pitching: RHP Jim Thompson
Now in CF: Vicente Pagán
Batting: RHB Juan Carlos 0-0: Swinging Strike
0-1: Swinging Strike
0-2: Ball
1-2: Foul Ball, location: 2F
1-2: Strikes out swinging
Batting: LHB Jon Scott 0-0: SINGLE (Groundball, 34D)
Pinch Hitting: RHB Joe Baker 0-0: Foul Ball, location: 2F
0-1: Foul Ball, location: 2F
0-2: SINGLE (Line Drive, 8RS)
Jon Scott to second
Batting: LHB Pepe Vázquez 0-0: Called Strike
0-1: Ball
1-1: Ball
2-1: Swinging Strike
2-2: Strikes out looking
Batting: RHB David Hernández 0-0: Called Strike
0-1: Called Strike
0-2: Ball
1-2: Strikes out swinging
Top of the 9th over - 0 run(s), 2 hit(s), 0 error(s), 2 left on base; Jasper 2 - Seattle 2
BOTTOM OF THE 9TH
Seattle Rainiers batting - Pitching for Jasper Cougars : RHP Bennett Greer
Now at C: Joe Baker
Now in RF: Juan Vázquez
Batting: RHB Jorge Montoya 0-0: Called Strike
0-1: Called Strike
0-2: SINGLE (Line Drive, 56D)
Pinch Runner at 1st Edward Melton:
Batting: RHB Bill Dawson 0-0: Ball
1-0: Grounds into double play, U4-3 (Groundball, 4)
Batting: LHB Alan Moore 0-0: Called Strike
0-1: Ball
1-1: Called Strike
1-2: Foul Ball, location: 2F
1-2: Strikes out swinging
Bottom of the 9th over - 0 run(s), 1 hit(s), 0 error(s), 0 left on base; Jasper 2 - Seattle 2
TOP OF THE 10TH
Jasper Cougars batting - Pitching for Seattle Rainiers : RHP Jim Thompson
Now at 3B: John Hill
Batting: SHB Martín Cruz 0-0: Ball
1-0: Ball
2-0: Ball
3-0: Called Strike
3-1: Base on Balls
Batting: RHB José Ortega 0-0: Sac Bunt - play at first, batter OUT! 1-4
Martín Cruz to second
Batting: RHB Juan Vázquez 0-0: Ball
1-0: Called Strike
1-1: Foul Ball, location: 2F
1-2: Foul Ball, location: 2F
1-2: Ball
2-2: Foul Ball, location: 2F
2-2: Fly out, F9 (Flyball, 9M)
Batting: SHB Ron Edwards 0-0: Intentional Walk
Batting: RHB Juan Carlos 0-0: Called Strike
0-1: Swinging Strike
0-2: SINGLE (Groundball, 4MD)
Martín Cruz to third
Ron Edwards to second
Runner from 3rd tries for Home, SAFE, no throw or cutoff
Pitching: RHP Steve Benson
Batting: LHB Jon Scott 0-0: Ball
1-0: Ground out 4-3 (Groundball, 34)
Top of the 10th over - 1 run(s), 1 hit(s), 0 error(s), 2 left on base; Jasper 3 - Seattle 2
BOTTOM OF THE 10TH
Seattle Rainiers batting - Pitching for Jasper Cougars : RHP Bennett Greer
Pitching: RHP Steve Snyder
Batting: SHB Nick Cox 0-0: Called Strike
0-1: Foul Ball, location: 2F
0-2: Ball
1-2: Ball
2-2: Foul Ball, location: 2F
2-2: Ball
3-2: Base on Balls
Batting: SHB Vicente Pagán 0-0: Bunted foul
0-1: Bunted foul
0-2: Ball
1-2: SINGLE (Flyball, 8LS)
Nick Cox to second
Batting: RHB Jorge Colón 0-0: Bunt missed!
0-1: Sac Bunt - play at third, runner OUT! 5-6
Vicente Pagán to second
Batting: LHB Tony Rivera 0-0: Foul Ball, location: 2F
0-1: Foul Ball, location: 2F
0-2: Ball
1-2: SINGLE (Groundball, 5S) (infield hit)
Vicente Pagán to third
Jorge Colón to second
Batting: SHB Glenn Vadnais 0-0: Called Strike
0-1: SINGLE (Line Drive, 9S)
Vicente Pagán scores
Jorge Colón to third
Tony Rivera to second
Runner from 3rd tries for Home, SAFE, throw made home
This league is powered by Out of the Park Baseball, the baseball management simulation game for PC, Mac and Linux
Saturday, April 9th, 2016 - OOTP Baseball 16.8 Build 38